 Dungeon Crawl Stone Soup version 0.21-a0-227-g58a7c62 (webtiles) character file.

161 Monsterracer the Changer (level 5, -1/37 HPs)
             Began as a Merfolk Transmuter on Aug 30, 2017.
             Was a Follower of Makhleb.
             Killed from afar by an orc wizard (7 damage)
             ... with a puff of frost
             ... on level 3 of the Dungeon.
             The game lasted 00:06:37 (2806 turns).

Monsterracer the Changer (Merfolk Transmuter)       Turns: 2806, Time: 00:06:38

Health: -1/37      AC:  2    Str: 10    XL:     5   Next: 42%
Magic:  5/8        EV: 21    Int: 14    God:    Makhleb [*.....]
Gold:   77         SH:  0    Dex: 19    Spells: 0/8 levels left

rFire    . . .     SeeInvis .     - Unarmed
rCold    . . .     Gourm    .   (shield currently unavailable)
rNeg     . . .     Faith    .   (armour currently unavailable)
rPois    x         Spirit   .   (helmet currently unavailable)
rElec    .         Reflect  .   (cloak currently unavailable)
rCorr    .         Harm     .   (gloves currently unavailable)
MR       .....                  (boots currently unavailable)
Stlth    ++........             o - amulet of inaccuracy (curse)
HPRegen  0.12/turn              e - ring of wizardry
MPRegen  0.11/turn              (no ring)

@: spider-form
A: (change form in water), (swift swim), (stealthy swim)
a: End Transformation, Renounce Religion


You were on level 3 of the Dungeon.
You worshipped Makhleb.
Makhleb was aware of your devotion.
You were near starving.
You were a venomous arachnid creature.
You visited 1 branch of the dungeon, and saw 3 of its levels.

You collected 77 gold pieces.

Inventory:

Missiles
 a - 44 arrows
Armour
 b - a +1 robe (melded)
 p - a +0 buckler
Jewellery
 e - a ring of wizardry (left front leg)
 o - a cursed amulet of inaccuracy (around neck)
Scrolls
 f - a scroll of fear
 n - a scroll of enchant armour
Potions
 g - a potion of berserk rage
 h - a potion of cancellation
 i - a potion of heal wounds {unknown}
 j - a potion of invisibility {unknown}
 l - a potion of might {unknown}
 m - 2 potions of haste {unknown}
 r - a potion of flight {unknown}
Books
 c - a book of Changes

   Spells                             Type                      Level
   a - Beastly Appendage              Transmutation                1
   b - Sticks to Snakes               Transmutation                2
   c - Spider Form                    Transmutation/Poison         3
   d - Ice Form                       Ice/Transmutation            4
   e - Blade Hands                    Transmutation                5
Comestibles
 d - 2 bread rations
 k - 3 meat rations


   Skills:
 + Level 1.5 Fighting
 - Level 2.6 Dodging
 * Level 5.0 Unarmed Combat
 - Level 2.0 Spellcasting
 * Level 5.4 Transmutations


You couldn't memorise any spells.
You knew the following spells:

 Your Spells              Type           Power        Failure   Level  Hunger
c - Spider Form           Tmut/Pois      #.........   21%         3    ####...
d - Blade Hands           Tmut           ###.......   43%         5    ######.


Dungeon Overview and Level Annotations

Branches:
Dungeon (3/15)

Altars:
Gozag
Makhleb
Qazlal
Sif Muna


Message History

The magic dart hits you!
* * * LOW HITPOINT WARNING * * *
Huge Dmg: -24%(-9hp) hp: 33%(12hp)
Casting: Spider Form
Confirm with . or Enter, or press ? or * to list all spells.
You would drown in your new form.
You closely miss the orc wizard.
The orc wizard is moderately wounded.
The orc wizard points at you and mumbles some strange words.
The puff of frost hits you!
* * * LOW HITPOINT WARNING * * *
Huge Dmg: -16%(-6hp) hp: 17%(6hp)
The orc wizard barely misses you.
Casting: Spider Form
Confirm with . or Enter, or press ? or * to list all spells.
You turn into a venomous arachnid creature.
Your +1 robe melds into your body.
The orc wizard points at you and mumbles some strange words.
The puff of frost hits you!
You die...

##.##
##...##
#.._..#
#.8.8.#
###'###
#.).#
#...#
#≈≈≈#
#so.#
#####


You could see an orc wizard.

Vanquished Creatures
  An orc wizard (D:3)
  Jessica (D:2)
  2 adders (D:2)
  2 oozes
  3 worms
  A dart slug (D:1)
  5 leopard geckos
  A ball python (D:3)
  8 bats
  2 giant cockroaches
  11 goblins
  3 hobgoblins
  3 jackals (D:1)
  2 quokkas
  3 frilled lizards
  7 kobolds
  7 rats
62 creatures vanquished.

Notes
Turn   | Place    | Note
-------+----------+-------------------------------------------
     0 | D:1      | Monsterracer the Merfolk Transmuter began the quest for the Orb.
     0 | D:1      | Reached XP level 1. HP: 15/15 MP: 3/3
   226 | D:1      | Reached XP level 2. HP: 21/21 MP: 5/5
   687 | D:1      | Reached XP level 3. HP: 25/26 MP: 6/6
   746 | D:1      | Learned a level 3 spell: Spider Form
  1092 | D:2      | Found a stormy altar of Qazlal.
  1225 | D:2      | HP: 13/26 [poisoned by an adder]
  1225 | D:2      | Reached XP level 4. HP: 16/32 MP: 3/7
  1650 | D:2      | Noticed Jessica
  1654 | D:2      | Killed Jessica
  1701 | D:2      | Reached skill level 5 in Transmutations
  1873 | D:2      | Found an opulent altar of Gozag.
  1925 | D:2      | Found a stormy altar of Qazlal.
  1959 | D:2      | Reached XP level 5. HP: 37/37 MP: 4/8
  1976 | D:2      | Learned a level 5 spell: Blade Hands
  2091 | D:3      | Found a faded altar of an unknown god.
  2149 | D:3      | Became a worshipper of Makhleb the Destroyer
  2149 | D:3      | Reached * piety under Makhleb
  2284 | D:3      | Found a deep blue altar of Sif Muna.
  2295 | D:3      | HP: 17/37 [orc wizard/magic dart (11)]
  2576 | D:3      | Reached skill level 5 in Unarmed Combat
  2580 | D:3      | HP: 13/37 [orc wizard/puff of flame (8)]
  2803 | D:3      | HP: 12/37 [orc wizard/magic dart (9)]
  2806 | D:3      | Killed from afar by an orc wizard

Vault maps used:
D:1:      minmay_arrival_plants_in_alcoves
D:2:      nicolae_gozag_seed_capital, nicolae_overflow_crystal_walls,
          first_bread, grunt_qazlal_sundering, uniq_jessica
D:3:      led_sif_book, old_standard_altar, chequers_ecumenical_altar_island,
          okawaru_trees_1

Skill      XL: |  1  2  3  4  5 |
---------------+----------------+-----
Transmutations | 3 4 5 |  5.4
Unarmed Combat | 4 5 |  5.0
Fighting       | |  1.5
Dodging        | |  2.6
Spellcasting   | |  2.0

Action                   |  1- 3 |  4- 6 || total
-------------------------+-------+-------++-------
Melee: Unarmed           |   149 |   114 ||   263
       Headbutt          |     2 |       ||     2
       Punch             |       |     1 ||     1
       Tailslap          |       |     1 ||     1
 Cast: Beastly Appendage |     3 |       ||     3
       Spider Form       |     3 |     7 ||    10
  Use: Scroll            |     7 |     3 ||    10
 Stab: Sleeping          |     1 |     1 ||     2
  Eat: Chunk             |     1 |     5 ||     6
Armor: Robe              |    44 |    16 ||    60
       Skin              |       |     5 ||     5
Dodge: Dodged            |   150 |    61 ||   211

Table legend:
 A = Spawn XP
 B = Non-spawn XP
 C = Spawn XP percentage of total XP
 D = Spawn monster count
 E = Non-spawn monster count
 F = Spawn count percentage of total count
 G = Total turns spent on level
                    A         B        C        D         E        F      G
               +---------+---------+-------+---------+---------+-------+---------
         Total |      22 |     208 |   9.6 |      10 |      52 |  16.1 |  2806
               +---------+---------+-------+---------+---------+-------+---------
           D:1 |      13 |      38 |  25.5 |       6 |      21 |  22.2 |  1081
           D:2 |       7 |     117 |   5.6 |       3 |      26 |  10.3 |   970
           D:3 |       2 |      53 |   3.6 |       1 |       5 |  16.7 |   755
               +---------+---------+-------+---------+---------+-------+---------
